AoeStats
← 开心不易

African Clearing

510919998Analyzed
2v2 RM · 7h ago on Oct 3, 2026· 24m 16s· 4 players
Game mode
Random Map
Map size
Medium (4 player)
Population
200
Speed
Normal
Resources
Standard
Victory
Conquest
Starting age
Dark Age
Ending age
Imperial Age
RankedLock teamsTeams togetherTeam positionsShared explorationLock speedFull tech treeHidden civsTurbo modeCheats
Victory
Defeat
🇹🇼 Maya · Taiwan
1597
+10
🇺🇸 Varangians · United States
1573
+11
🇨🇳 Mongols · China
1469
-11
🇨🇳 Persians · China
1448
-10
局局卡子
5:21 Loom
12:28 Feudal Age
16:39 Castle Age
15:18 Double-Bit Axe
15:49 Gold Mining
18:41 Horse Collar
21:20 Fletching
开心不易
6:39 Loom
18:57 Feudal Age
26:29 Castle Age
Kyle_D
10:41 Loom
13:04 Feudal Age
15:58 Double-Bit Axe
21:41 Castle Age
20:18 Stone Mining
20:19 Fletching
22:21 Bodkin Arrow
bcda
10:58 Feudal Age
11:44 Double-Bit Axe
14:14 Loom
15:07 Forging
16:36 Town Watch
16:34 Horse Collar
17:30 Bloodlines
19:34 Wheelbarrow
22:22 Castle Age
21:31 Scale Barding Armor
22:19 Gold Mining
23:24 Husbandry
22:45 Light Cavalry
23:47 Chain Barding Armor
25:02 Iron Casting
Connection lost

Rejoining the realm…

Still unreachable

The connection could not be restored.

Session expired

The server has moved on; the page needs a fresh start.